Map: Prion Terraces

Players

Zoxx

  • Race: Terran Terran
  • League: Master

Ascarecrow - Winner!

  • Race: Zerg Zerg
  • League: Diamond

VOD

Have the link to the VOD?

Description

Time

  • Played on: Dec. 29, 2015, 9:37 a.m.
  • Length: 10:49
Show
View Real Time Build Order
Export as new Build Order

Zoxx Terran 

Build Orders: Reaper Expand, Bio Tank 

Get SALT Encoding   

  12  0:00  SCV  
  13  0:13  SCV  
  14  0:18  Supply Depot  
  14  0:25  SCV  
  15  0:39  SCV  
  15  0:41  Barracks  
  16  0:44  Refinery  
  16  0:51  SCV  
  17  1:03  SCV  
  18  1:15  SCV  
  19  1:29  Reaper  
  19  1:31  Orbital Command  
  20  1:41  Command Center  
  20  1:53  Supply Depot  
  20  1:57  SCV  
  21  2:02  Barracks Reactor  
  21  2:09  SCV  
  22  2:21  SCV  
  23  2:25  Factory  
  23  2:33  SCV  
  24  2:40  Marine x2  
  26  2:45  SCV  
  26  2:49  Barracks  
  26  2:50  Barracks  
  27  2:55  Orbital Command  
  27  3:01  Marine x2  
  27  3:03  Bunker  
  29  3:05  Refinery  
  29  3:06  SCV  
  30  3:20  Marine x2  
  30  3:22  Factory Tech Lab  
  32  3:27  Starport  
  32  3:38  Marine x2  
  32  3:39  Barracks Reactor, Barracks Tech Lab  
  32  3:41  SCV  
  35  3:53  SCV  
  36  4:01  Marine x2  
  36  4:02  Siege Tank  
  41  4:05  SCV  
  41  4:08  Supply Depot  
  42  4:17  SCV  
  42  4:19  Marine x2  
  42  4:20  Marine  
  42  4:22  Stimpack  
  46  4:32  Marine x2  
  46  4:33  SCV  
  49  4:46  SCV  
  49  4:47  Command Center  
  49  4:52  Supply Depot  
  50  4:57  Starport Reactor  
  50  5:02  Marine x3  
  53  5:13  Marine  
  53  5:14  Siege Tank, Orbital Command  
  57  5:20  Supply Depot  
  57  5:30  Marine x3  
  60  5:36  Supply Depot  
  59  5:45  Medivac  
  59  5:46  Medivac  
  63  5:52  Marine x4  
  67  5:59  Supply Depot  
  67  6:02  Supply Depot  
  67  6:04  Orbital Command  
  67  6:07  Marine  
  67  6:08  SCV  
  69  6:15  Supply Depot  
  69  6:20  Marine x2  
  69  6:21  Supply Depot  
  71  6:25  Siege Tank  
  71  6:26  Medivac  
  71  6:32  Marine  
  77  6:34  Bunker  
  77  6:35  SCV  
  78  6:40  SCV, Refinery  
  78  6:46  Marine x2, Medivac  
  78  6:47  SCV  
  84  6:52  Combat Shields  
  73  7:18  Siege Tank  
  71  7:35  Marine  
  71  7:36  Marine x2, Medivac  
  71  7:37  SCV, Orbital Command, Marine x2  
  70  7:43  Barracks  
  70  7:44  Barracks  
  73  7:50  Engineering Bay  
  73  7:51  Engineering Bay  
  73  7:56  SCV x2  
  73  7:57  Refinery  
  75  7:59  Marine x2  
  75  8:00  Marine  
  79  8:05  SCV  
  79  8:06  Marine x2  
  79  8:08  SCV  
  79  8:09  SCV  
  79  8:11  Concussive Shells  
  83  8:13  Supply Depot  
  83  8:17  Marine  
  84  8:20  Marine x2  
  84  8:22  SCV x2  
  84  8:24  Marine  
  84  8:25  SCV, Marine  
  84  8:26  Siege Tank, Medivac x2  
  98  8:29  Supply Depot  
  98  8:31  Marine x2  
  98  8:34  Terran Infantry Weapons Level 1  
  100  8:35  Marine  
  100  8:36  Refinery  
  100  8:37  Refinery  
  100  8:38  SCV, Marine x2  
  104  8:42  Marine  
  97  8:58  Siege Tank, Marine  
  97  9:02  Marine x2  
  104  9:03  Marauder  
  103  9:19  Medivac x2  
  107  9:30  Siege Tank  
  95  9:33  Marine x2  
  95  9:34  Marauder  
  99  9:38  Orbital Command  
  99  9:41  Marine x2  
  99  9:42  Marine x2  
  101  9:55  SCV x2  
  103  10:02  Siege Tank  
  103  10:05  Armory  
Show
View Real Time Build Order
Export as new Build Order

Ascarecrow Zerg - Winner!

Build Orders: Pool First 

Get SALT Encoding   

  12  0:01  Drone  
  13  0:08  Drone  
  14  0:18  Extractor  
  14  0:19  Drone  
  14  0:32  Spawning Pool  
  13  0:36  Drone  
  14  0:44  Overlord  
  14  0:52  Drone, Extractor  
  15  1:04  Drone x2  
  17  1:11  Drone  
  18  1:25  Metabolic Boost  
  18  1:26  Queen  
  20  1:34  Drone  
  21  1:52  Hatchery  
  21  1:53  Drone  
  21  1:58  Overlord  
  21  2:01  Zergling x2  
  22  2:20  Zergling x4  
  24  2:26  Queen  
  26  2:30  Overlord  
  26  2:38  Zergling x6  
  29  2:50  Zergling x2  
  30  3:03  Zergling x2  
  31  3:07  Zergling x10  
  36  3:27  Drone x3  
  38  3:40  Drone x5  
  43  3:54  Overlord  
  43  4:02  Hatchery  
  42  4:08  Drone x2  
  44  4:13  Queen  
  46  4:19  Roach Warren, Drone  
  46  4:20  Drone x6  
  52  4:35  Drone  
  52  4:36  Extractor  
  52  4:38  Lair, Extractor  
  50  4:40  Overlord x2  
  50  4:49  Extractor  
  50  4:51  Drone x3  
  52  5:03  Drone x3  
  52  5:05  Drone  
  52  5:06  Drone x2  
  57  5:14  Overlord  
  57  5:21  Evolution Chamber  
  57  5:22  Drone  
  57  5:23  Drone x2  
  57  5:24  Evolution Chamber, Drone x3  
  57  5:25  Queen  
  63  5:28  Overlord x2  
  63  5:41  Drone  
  63  5:42  Drone x5  
  69  5:44  Glial Reconstitution  
  69  5:48  Zerg Missile Weapons Level 1  
  69  5:50  Zerg Ground Armor Level 1  
  69  5:51  Overlord x3  
  69  5:59  Extractor  
  69  6:00  Roach x5, Extractor  
  77  6:09  Drone x3  
  80  6:13  Drone  
  80  6:14  Drone x2  
  80  6:16  Overlord  
  83  6:19  Overlord  
  83  6:29  Roach x2  
  87  6:35  Hatchery  
  87  6:36  Roach x4  
  87  6:38  Roach x5  
  104  6:40  Roach  
  104  6:46  Roach x2  
  110  6:57  Roach x3  
  99  7:19  Ravager x8  
  99  7:21  Roach x3  
  105  7:26  Queen  
  102  7:37  Roach  
  102  7:38  Roach x9  
  122  7:46  Zerg Melee Weapons Level 1  
  122  7:50  Overlord x2  
  122  7:51  Zergling x2  
  122  7:52  Zergling x2  
  124  8:01  Ravager x3  
  124  8:04  Ravager  
  128  8:08  Ravager  
  129  8:20  Queen  
  129  8:21  Drone x15  
  129  8:22  Drone  
  129  8:23  Zerg Ground Armor Level 2  
  147  8:29  Overlord x2  
  147  8:42  Roach  
  147  8:43  Roach  
  149  8:56  Roach x8  
  149  8:57  Roach  
  149  8:59  Overlord x3  
  149  9:00  Overlord  
  161  9:15  Overlord x3  
  159  9:20  Hatchery  
  159  9:21  Extractor  
  159  9:22  Extractor  
  144  9:49  Roach  
  144  9:50  Roach x12  
  168  10:11  Infestation Pit  
  168  10:13  Zergling x14  
  174  10:17  Hatchery  
Tags
 
Add a new tag
Caveats
  • Supply blocks, unpowered buildings, or Contaminate may cause inaccurate times.
  • Supply counts are checked every 10 seconds.